 Dungeon Crawl Stone Soup version 0.21.1-1-g345015fe64 (webtiles) character file.

2795 Roikka the Cudgeler (level 9, -12/75 HPs)
             Began as a Yellow Draconian Fighter on July 18, 2018.
             Was a Priest of Okawaru.
             Mangled by a small abomination (14 damage)
             ... on level 1 of the Abyss.
             The game lasted 00:50:39 (8447 turns).

Roikka the Cudgeler (Yellow Draconian Fighter)      Turns: 8447, Time: 00:50:40

Health: -12/75     AC: 10    Str: 21    XL:     9   Next: 43%
Magic:  0/20       EV: 12    Int:  6    God:    Okawaru [***...]
Gold:   304        SH: 11    Dex: 10    Spells: 8/8 levels left

rFire    . . .     SeeInvis .   a - +4 mace (holy)
rCold    . . .     Gourm    .   u - +1 shield
rNeg     . . .     Faith    .   (armour unavailable)
rPois    .         Spirit   +   (helmet restricted)
rElec    .         Reflect  .   (no cloak)
rCorr    +         Harm     .   e - +0 pair of gloves
MR       .....                  (no boots)
Stlth    +.........             g - amulet of guardian spirit
HPRegen  0.22/turn              B - +2 ring of protection
MPRegen  0.17/turn              t - ring of magical power

@: no status effects
A: spit acid, acid resistance, unfitting armour, dopey 1, weak 1, cold-blooded,
AC +7
a: Breathe Acid, Heroism, Renounce Religion


You were on level 1 of the Abyss.
You worshipped Okawaru.
Okawaru was most pleased with you.
You were not hungry.

You visited 2 branches of the dungeon, and saw 9 of its levels.
You visited the Abyss 1 time.

You collected 304 gold pieces.

Inventory:

Hand Weapons
 a - a +4 mace of holy wrath (weapon)
 b - a +0 hunting sling
 G - the cursed +2 rapier of Disarray {pierce, MR+}
   (You found it on level 6 of the Dungeon)

   It inflicts extra damage upon your enemies.
   It affects your resistance to hostile enchantments.
   It has a curse placed upon it.
Missiles
 n - 196 stones (quivered)
 p - 5 javelins
 v - 7 sling bullets
 x - 4 tomahawks
 y - a throwing net
Armour
 e - a +0 pair of gloves (worn)
 u - a +1 shield (worn)
Jewellery
 g - an amulet of guardian spirit (around neck)
 h - an uncursed amulet of the gourmand
 t - a ring of magical power (right hand)
 B - a +2 ring of protection (left hand)
 I - an uncursed ring of flight
Wands
 r - a wand of polymorph (6)
 A - a wand of acid (6)
 K - a wand of digging (14)
Scrolls
 j - 3 scrolls of remove curse
 o - a scroll of magic mapping
 q - 3 scrolls of identify
 C - a scroll of fog
 D - a scroll of teleportation
Potions
 c - a potion of magic
 f - a potion of invisibility
 i - 3 potions of curing
 k - a potion of cancellation
 l - a potion of degeneration {unknown}
 m - 2 potions of haste
 w - 2 potions of agility
 z - a potion of lignification
 E - 2 potions of brilliance
 H - a potion of resistance
 J - a potion of might
Comestibles
 d - 17 rations


   Skills:
 + Level 6.2 Fighting
 * Level 7.1 Maces & Flails
 + Level 3.6(3.7) Slings
 - Level 1.1(2.5) Throwing
 + Level 5.4 Dodging
 * Level 7.1 Shields
 + Level 3.1 Invocations


You had 8 spell levels left.
You didn't know any spells.

Dungeon Overview and Level Annotations

Branches:
Dungeon (8/15)             Temple (1/1) D:4
   Lair: D:8-11

Altars:
Ashenzari
Cheibriados
Dithmenos
Elyvilon
Fedhas
Gozag
Hepliaklqana
Kikubaaqudgha
Makhleb
Nemelex Xobeh
Okawaru
Qazlal
Ru
Sif Muna
Trog
Uskayaw
Vehumet
Wu Jian
Xom
Zin
The Shining One


Innate Abilities, Weirdness & Mutations

You can spit globs of acid.
You are resistant to acid.
Your golden yellow scales are hard. (AC +7)
You cannot fit into any form of body armour.
You are cold-blooded and may be slowed by cold attacks.
You are dopey. (Int -2)
You are weak. (Str -2)


Message History

The sixfirhy closely misses you. You block the sixfirhy's attack. x2
A ynoxinul comes into view.
A small abomination comes into view.
You block the sixfirhy's attack. You block the sixfirhy's attack.
The sixfirhy closely misses you. The sixfirhy barely misses you.
You feel like a meek peon again.
The flying skull gives a hideous shriek!
You hear a hideous shriek!
The small abomination hits you!
* * * LOW HITPOINT WARNING * * *
The sixfirhy misses you. The sixfirhy hits you.
* * * LOW HITPOINT WARNING * * *
The sixfirhy shocks you!
* * * LOW HITPOINT WARNING * * *
The sixfirhy misses you. You block the sixfirhy's attack. x2
The small abomination hits you but does no damage.
The small abomination hits you!
You die...

#.# # #
########z###z #
#...............
##.##....#. ...#
#....#...3. #
#..z.#.....#
...#..z3# ....#
....'..xz# . .#
....#...@# ...#
.....#..........#
.... #.##.......#
... #.###.######
... #. .# #. ..
#. .#


You could see a sixfirhy, a small abomination and 4 flying skulls.

Vanquished Creatures
  A neqoxec (Abyss:1)
  Menkaure (D:5)
  An orc warrior (D:5)
  An ice beast (D:5)
  A sky beast (D:6)
  2 phantoms (D:6)
  3 ogres
  4 centaurs
  4 bullfrogs
  Blork the orc (D:4)
  A scorpion (D:4)
  A howler monkey (D:4)
  3 crimson imps
  A bullfrog zombie (D:6)
  3 hounds
  A jelly (D:5)
  2 orc priests
  6 orc wizards
  A bullfrog skeleton (D:7)
  5 iguanas
  Ijyb (D:3)
  4 worker ants
  A hound skeleton (D:7)
  A worker ant zombie (D:6)
  Robin (D:3)
  6 gnolls
  11 adders
  2 shadow imps (D:5)
  A white imp (Abyss:1)
  An ooze (D:3)
  An adder zombie (D:6)
  3 worms
  An adder skeleton (D:5)
  3 dart slugs
  3 leopard geckos
  23 orcs
  6 giant cockroaches
  16 goblins
  11 hobgoblins
  3 jackals (D:2)
  8 kobolds
  3 quokkas
  2 ball pythons
  A ball python zombie (D:6)
  6 bats
  9 frilled lizards
  2 goblin zombies (D:5)
  2 hobgoblin zombies (D:5)
  A kobold skeleton (D:5)
  3 leopard gecko skeletons
  3 orc skeletons (D:5)
  An orc zombie (D:5)
  A quokka zombie (D:6)
  2 rats (D:3)
186 creatures vanquished.

Vanquished Creatures (others)
  A quokka (D:6)
1 creature vanquished.

Grand Total: 187 creatures vanquished

Notes
Turn   | Place    | Note
-------+----------+-------------------------------------------
     0 | D:1      | Roikka the Draconian Fighter began the quest for the Orb.
     0 | D:1      | Reached XP level 1. HP: 19/19 MP: 1/1
   197 | D:1      | Reached XP level 2. HP: 26/26 MP: 2/2
   641 | D:2      | Reached XP level 3. HP: 23/31 MP: 3/3
   913 | D:2      | Reached XP level 4. HP: 40/40 MP: 4/4
  1173 | D:2      | Found a white marble altar of Elyvilon.
  1582 | D:3      | Noticed Robin
  1715 | D:3      | Killed Robin
  1715 | D:3      | Reached XP level 5. HP: 38/46 MP: 5/5
  1802 | D:3      | Found a faded altar of an unknown god.
  2212 | D:3      | Reached skill level 1 in Throwing
  2339 | D:3      | Found a radiant altar of Vehumet.
  2393 | D:3      | Noticed Ijyb
  2514 | D:3      | Killed Ijyb
  3033 | D:4      | Reached XP level 6. HP: 36/52 MP: 6/6
  3397 | D:4      | Found a staircase to the Ecumenical Temple.
  3406 | Temple   | Entered the Ecumenical Temple
  3503 | D:4      | Reached skill level 1 in Slings
  3503 | D:4      | Your scales start taking on a golden yellow colour.
  3503 | D:4      | Reached XP level 7. HP: 60/60 MP: 7/7
  3524 | D:4      | Noticed Blork the orc
  3543 | D:4      | Killed Blork the orc
  4050 | D:4      | Found an iron altar of Okawaru.
  4058 | D:4      | Became a worshipper of Warmaster Okawaru
  4194 | D:5      | Entered Level 5 of the Dungeon
  4376 | D:5      | Found a glowing golden altar of the Shining One.
  4400 | D:5      | Reached skill level 5 in Shields
  4411 | D:5      | Reached skill level 5 in Maces & Flails
  4610 | D:5      | Reached skill level 5 in Fighting
  4761 | D:5      | HP: 1/61 [ogre/giant club (13)]
  4766 | D:5      | Found a glowing drain.
  5140 | D:5      | Reached * piety under Okawaru
  5140 | D:5      | Reached XP level 8. HP: 68/68 MP: 8/8
  5251 | D:5      | Found a shimmering altar of Xom.
  5251 | D:5      | Found an ancient bone altar of Kikubaaqudgha.
  5251 | D:5      | Found a shadowy altar of Dithmenos.
  5252 | D:5      | Found a hazy altar of Hepliaklqana.
  5252 | D:5      | Found a burning altar of Makhleb.
  5253 | D:5      | Found a hide-covered altar of Uskayaw.
  5253 | D:5      | Found a sparkling altar of Nemelex Xobeh.
  5254 | D:5      | Found a sacrificial altar of Ru.
  5299 | D:5      | Noticed Menkaure
  5319 | D:5      | Killed Menkaure
  5606 | D:5      | Reached skill level 1 in Invocations
  6116 | D:6      | Reached skill level 5 in Dodging
  6148 | D:6      | Got a scorched rapier
  6149 | D:6      | Identified the cursed +2 rapier of Disarray {pierce, MR+} (You found it on level 6 of the Dungeon)
  6327 | D:6      | Reached ** piety under Okawaru
  6491 | D:6      | Found a white marble altar of Elyvilon.
  6699 | D:6      | Reached XP level 9. HP: 67/75 MP: 10/10
  7960 | D:7      | Reached *** piety under Okawaru
  8170 | D:8      | Cast into level 1 of the Abyss (orc wizard)
  8210 | Abyss:1  | Noticed a thrashing horror
  8231 | Abyss:1  | Gained mutation: You are dopey. (Int -2) [a neqoxec]
  8233 | Abyss:1  | Gained mutation: You are weak. (Str -2) [a neqoxec]
  8236 | Abyss:1  | Noticed a great orb of eyes
  8415 | Abyss:1  | Noticed a sixfirhy
  8446 | Abyss:1  | HP: 2/75 [sixfirhy (8)]
  8447 | Abyss:1  | Mangled by a small abomination

Skill      XL: |  1  2  3  4  5  6  7  8  9 |
---------------+----------------------------+-----
Dodging        | 3 4 5 |  5.4
Maces & Flails | 3 4 5 6 7 |  7.1
Fighting       | 4 5 6 |  6.2
Throwing       | 1 |  1.1
Shields        | 4 5 6 7 |  7.1
Slings         | 1 2 3 |  3.6
Invocations    | 2 3 |  3.1

Action                   |  1- 3 |  4- 6 |  7- 9 || total
-------------------------+-------+-------+-------++-------
Melee: Flail             |    96 |   189 |       ||   285
       Tailslap          |     7 |    20 |    53 ||    80
       Unarmed           |       |    11 |       ||    11
       Mace              |       |     4 |   362 ||   366
 Fire: Hunting sling     |       |    48 |    75 ||   123
Throw: Stone             |    17 |    69 |    57 ||   143
       Javelin           |       |     8 |     5 ||    13
Invok: Heroism           |       |       |     3 ||     3
 Abil: Breathe Acid      |       |       |     1 ||     1
Evoke: Wand              |       |       |     1 ||     1
  Use: Scroll            |       |     8 |    18 ||    26
       Potion            |       |       |     3 ||     3
  Eat: Chunk             |       |     8 |    10 ||    18
       Ration            |       |       |     2 ||     2
Armor: Skin              |    26 |    70 |    87 ||   183
Dodge: Dodged            |    50 |   100 |   168 ||   318
Block: Shield            |    48 |   103 |   212 ||   363
